| TOP OF THE 1ST |
|
Elmira Pioneers batting - Pitching for Manchester Fisher Cats : LHP John Machin
|
|
Pitching: LHP John Machin
|
|
|
Batting: RHB Ken Dowell
|
0-0: Called Strike 0-1: Ball 1-1: Ball 2-1: Ball 3-1: Base on Balls
|
|
Batting: LHB Juan Flores
|
0-0: Called Strike 0-1: Ball Wild Pitch! Ken Dowell to second 1-1: Called Strike 1-2: Strikes out swinging
|
|
Batting: RHB Richard Givens
|
0-0: Ball 1-0: Called Strike 1-1: Foul Ball, location: 2F 1-2: Foul Ball, location: 2F 1-2: Ball 2-2: Strikes out swinging
|
|
Batting: RHB Frank LaBella
|
0-0: Ball 1-0: Ball 2-0: Ball 3-0: Called Strike 3-1: Base on Balls
|
|
Batting: RHB Edwin Rodriguez
|
0-0: Swinging Strike 0-1: Ball 1-1: Called Strike 1-2: Fly out, F9 (Flyball, 9D, EV 101.3 MPH)
|
| Top of the 1st over - 0 runs, 0 hits, 0 errors, 2 left on base; Elmira 0 - Manchester 0 |
| BOTTOM OF THE 1ST |
|
Manchester Fisher Cats batting - Pitching for Elmira Pioneers : LHP Ricky Wright
|
|
Pitching: LHP Ricky Wright
|
|
|
Batting: RHB Kevin Darst
|
0-0: Ball 1-0: Foul Ball, location: 2F 1-1: Ground out 6-3 (Groundball, 6S, EV 63.1 MPH)
|
|
Batting: LHB Tim Derryberry
|
0-0: Ball 1-0: Called Strike 1-1: Swinging Strike 1-2: Foul Ball, location: 2F 1-2: SINGLE (Flyball, 8LS, EV 87.5 MPH)
|
|
Batting: LHB Carlos Cabassa
|
0-0: Ball 1-0: Ball 2-0: Called Strike 2-1: Called Strike 2-2: Strikes out swinging
|
|
Batting: RHB Joe Citari
|
0-0: Ball 1-0: Called Strike 1-1: Foul Ball, location: 2F 1-2: Strikes out swinging
|
| Bottom of the 1st over - 0 runs, 1 hit, 0 errors, 1 left on base; Elmira 0 - Manchester 0 |
| TOP OF THE 2ND |
|
Elmira Pioneers batting - Pitching for Manchester Fisher Cats : LHP John Machin
|
|
Batting: SHB Esteban Mendez
|
0-0: Ball 1-0: Foul Ball, location: 2F 1-1: Ball 2-1: SINGLE (Line Drive, 56, EV 103.1 MPH)
|
|
Batting: LHB Neil Fiala
|
0-0: Called Strike 0-1: Ball 1-1: Ball 2-1: Grounds into double play, 6-4-3 (Groundball, 6, EV 85.6 MPH)
|
|
Batting: SHB Michael Reeder
|
0-0: Ball 1-0: Foul Ball, location: 2F 1-1: Ball 2-1: Ball 3-1: Foul Ball, location: 2F 3-2: Foul Ball, location: 2F 3-2: Base on Balls
|
|
Batting: RHB Larry Owen
|
0-0: 2-RUN HOME RUN (Flyball, 7D, EV 106.3 MPH), Distance : 366 ft
|
|
Batting: RHB Ken Dowell
|
0-0: Ball 1-0: Ball 2-0: Ball 3-0: Base on Balls
|
|
Batting: LHB Juan Flores
|
0-0: Foul Ball, location: 2F 0-1: Ball 1-1: Ball 2-1: DOUBLE (Groundball, 5L, EV 96.9 MPH) Ken Dowell to third Runner from 3rd tries for Home, SAFE, throw by LF to trailing runner, SAFE at third!
|
|
Batting: RHB Richard Givens
|
0-0: Ball 1-0: Swinging Strike 1-1: Ball 2-1: Foul Ball, location: 2F 2-2: Ball 3-2: Strikes out swinging
|
| Top of the 2nd over - 3 runs, 3 hits, 0 errors, 1 left on base; Elmira 3 - Manchester 0 |
| BOTTOM OF THE 2ND |
|
Manchester Fisher Cats batting - Pitching for Elmira Pioneers : LHP Ricky Wright
|
|
Batting: LHB Steve Hammond
|
0-0: Ball 1-0: Swinging Strike 1-1: Ground out 6-3 (Groundball, 6, EV 83.1 MPH)
|
|
Batting: LHB Herbert Orensky
|
0-0: Ball 1-0: Foul Ball, location: 2F 1-1: Ball 2-1: Called Strike 2-2: Foul Ball, location: 2F 2-2: Foul Ball, location: 2F 2-2: Foul Ball, location: 2F 2-2: Strikes out swinging
|
|
Batting: SHB Danny Hernandez
|
0-0: Foul Ball, location: 2F 0-1: Swinging Strike 0-2: Fly out, F8 (Flyball, 8RD, EV 83.8 MPH)
|
| Bottom of the 2nd over - 0 runs, 0 hits, 0 errors, 0 left on base; Elmira 3 - Manchester 0 |
| TOP OF THE 3RD |
|
Elmira Pioneers batting - Pitching for Manchester Fisher Cats : LHP John Machin
|
|
Batting: RHB Frank LaBella
|
0-0: Ball 1-0: SINGLE (Line Drive, 7S, EV 105.0 MPH)
|
|
Batting: RHB Edwin Rodriguez
|
0-0: Fly out, F9 (Flyball, 9S, EV 83.1 MPH)
|
|
Batting: SHB Esteban Mendez
|
0-0: Called Strike 0-1: Ball 1-1: Ball 2-1: Swinging Strike 2-2: Foul Ball, location: 2F 2-2: Strikes out looking
|
|
Batting: LHB Neil Fiala
|
0-0: Ground out U3 (Groundball, 3, EV 79.4 MPH)
|
| Top of the 3rd over - 0 runs, 1 hit, 0 errors, 1 left on base; Elmira 3 - Manchester 0 |
| BOTTOM OF THE 3RD |
|
Manchester Fisher Cats batting - Pitching for Elmira Pioneers : LHP Ricky Wright
|
|
Batting: LHB Mel Hall
|
0-0: Ball 1-0: Called Strike 1-1: Ball 2-1: Ball 3-1: Ground out 2-3 (Groundball, 15S, EV 61.9 MPH)
|
|
Batting: RHB Randy Johnson
|
0-0: Ball 1-0: Fly out, F9 (Flyball, 9LS, EV 90.6 MPH)
|
|
Batting: RHB Kevin Darst
|
0-0: Called Strike 0-1: Swinging Strike 0-2: Fly out, F9 (Line Drive, 9, EV 99.4 MPH)
|
| Bottom of the 3rd over - 0 runs, 0 hits, 0 errors, 0 left on base; Elmira 3 - Manchester 0 |
| TOP OF THE 4TH |
|
Elmira Pioneers batting - Pitching for Manchester Fisher Cats : LHP John Machin
|
|
Batting: SHB Michael Reeder
|
0-0: Called Strike 0-1: Swinging Strike 0-2: Ball 1-2: Ball 2-2: Foul Ball, location: 2F 2-2: Foul Ball, location: 2F 2-2: Foul Ball, location: 2F 2-2: Ball 3-2: Strikes out swinging
|
|
Batting: RHB Larry Owen
|
0-0: Ground out 4-3 (Groundball, 34, EV 80.0 MPH)
|
|
Batting: RHB Ken Dowell
|
0-0: Called Strike 0-1: Swinging Strike 0-2: Foul Ball, location: 2F 0-2: Foul Ball, location: 2F 0-2: Ball 1-2: Foul Ball, location: 2F 1-2: Foul Ball, location: 2F 1-2: Strikes out looking
|
| Top of the 4th over - 0 runs, 0 hits, 0 errors, 0 left on base; Elmira 3 - Manchester 0 |
| BOTTOM OF THE 4TH |
|
Manchester Fisher Cats batting - Pitching for Elmira Pioneers : LHP Ricky Wright
|
|
Batting: LHB Tim Derryberry
|
0-0: Foul Ball, location: 2F 0-1: Swinging Strike 0-2: Ball 1-2: Ball 2-2: Foul Ball, location: 2F 2-2: Ball 3-2: Strikes out swinging
|
|
Batting: LHB Carlos Cabassa
|
0-0: Ball 1-0: Ball 2-0: Swinging Strike 2-1: Foul Ball, location: 2F 2-2: Foul Ball, location: 2F 2-2: Foul Ball, location: 2F 2-2: Ball 3-2: Strikes out swinging
|
|
Batting: RHB Joe Citari
|
0-0: Called Strike 0-1: Called Strike 0-2: Ball 1-2: Strikes out looking
|
| Bottom of the 4th over - 0 runs, 0 hits, 0 errors, 0 left on base; Elmira 3 - Manchester 0 |
| TOP OF THE 5TH |
|
Elmira Pioneers batting - Pitching for Manchester Fisher Cats : LHP John Machin
|
|
Batting: LHB Juan Flores
|
0-0: Ball 1-0: Called Strike 1-1: Foul Ball, location: 2F 1-2: Strikes out swinging
|
|
Batting: RHB Richard Givens
|
0-0: Fly out, F4 (Flyball, 34D, EV 69.4 MPH)
|
|
Batting: RHB Frank LaBella
|
0-0: Ball 1-0: Ball 2-0: Foul Ball, location: 2F 2-1: Foul Ball, location: 2F 2-2: Strikes out swinging
|
| Top of the 5th over - 0 runs, 0 hits, 0 errors, 0 left on base; Elmira 3 - Manchester 0 |
| BOTTOM OF THE 5TH |
|
Manchester Fisher Cats batting - Pitching for Elmira Pioneers : LHP Ricky Wright
|
|
Batting: LHB Steve Hammond
|
0-0: Swinging Strike 0-1: Called Strike 0-2: Strikes out swinging
|
|
Batting: LHB Herbert Orensky
|
0-0: Fly out, F9 (Flyball, 89S, EV 94.4 MPH)
|
|
Batting: SHB Danny Hernandez
|
0-0: Ball 1-0: Foul Ball, location: 2F 1-1: Ball 2-1: Ball 3-1: Base on Balls
|
|
Batting: LHB Mel Hall
|
0-0: Called Strike 0-1: Fly out, F5 (Popup, 5DF, EV 49.4 MPH)
|
| Bottom of the 5th over - 0 runs, 0 hits, 0 errors, 1 left on base; Elmira 3 - Manchester 0 |
| TOP OF THE 6TH |
|
Elmira Pioneers batting - Pitching for Manchester Fisher Cats : LHP John Machin
|
|
Batting: RHB Edwin Rodriguez
|
0-0: Called Strike 0-1: Called Strike 0-2: Ball 1-2: Strikes out swinging
|
|
Batting: SHB Esteban Mendez
|
0-0: Ball 1-0: Ball 2-0: Fly out, F7 (Line Drive, 7, EV 91.9 MPH)
|
|
Batting: LHB Neil Fiala
|
0-0: Fly out, F9 (Flyball, 89M, EV 85.0 MPH)
|
| Top of the 6th over - 0 runs, 0 hits, 0 errors, 0 left on base; Elmira 3 - Manchester 0 |
| BOTTOM OF THE 6TH |
|
Manchester Fisher Cats batting - Pitching for Elmira Pioneers : LHP Ricky Wright
|
|
Batting: RHB Randy Johnson
|
0-0: Ball 1-0: Called Strike 1-1: Ground out 6-3 (Groundball, 56, EV 85.0 MPH)
|
|
Batting: RHB Kevin Darst
|
0-0: Ball 1-0: Ball 2-0: Called Strike 2-1: SINGLE (Line Drive, 7S, EV 94.4 MPH)
|
|
Batting: LHB Tim Derryberry
|
0-0: Ball 1-0: Ball 2-0: Ball 3-0: Base on Balls Kevin Darst to second
|
|
Batting: LHB Carlos Cabassa
|
0-0: Foul Ball, location: 2F 0-1: Foul Ball, location: 2F 0-2: Ball 1-2: Ball 2-2: Reached on error, E4 (Groundball, 34, EV 76.3 MPH) Kevin Darst to third Tim Derryberry to second
|
|
Batting: RHB Joe Citari
|
0-0: Ball 1-0: Foul Ball, location: 2F 1-1: Fly out, F9 (Line Drive, 9D, EV 97.5 MPH) Runner from 3rd tags up, SCORES, no throw by RF
|
|
Pinch Runner at 2nd Paul Croft:
|
|
|
Batting: LHB Steve Hammond
|
0-0: Foul Ball, location: 2F 0-1: Foul Ball, location: 2F 0-2: Strikes out swinging
|
| Bottom of the 6th over - 1 run, 1 hit, 1 error, 2 left on base; Elmira 3 - Manchester 1 |
| TOP OF THE 7TH |
|
Elmira Pioneers batting - Pitching for Manchester Fisher Cats : LHP John Machin
|
|
Now in CF: Paul Croft
|
|
|
Batting: SHB Michael Reeder
|
0-0: Ball 1-0: Ball 2-0: Called Strike 2-1: Ball 3-1: Base on Balls
|
|
Batting: RHB Larry Owen
|
0-0: Bunt missed! 0-1: Bunted foul 0-2: Ball 1-2: Strikes out swinging
|
|
Batting: RHB Ken Dowell
|
0-0: Foul Ball, location: 2F 0-1: Ball 1-1: Fielders Choice at 2nd, 5-4 (Groundball, 56, EV 80.0 MPH)
|
|
Batting: LHB Juan Flores
|
0-0: Called Strike 0-1: Ball 1-1: Called Strike 1-2: Fly out, F4 (Popup, 4, EV 70.0 MPH)
|
| Top of the 7th over - 0 runs, 0 hits, 0 errors, 1 left on base; Elmira 3 - Manchester 1 |
| BOTTOM OF THE 7TH |
|
Manchester Fisher Cats batting - Pitching for Elmira Pioneers : LHP Ricky Wright
|
|
Batting: LHB Herbert Orensky
|
0-0: Foul Ball, location: 2F 0-1: Ball 1-1: Foul Ball, location: 2F 1-2: Foul Ball, location: 2F 1-2: Fly out, F9 (Flyball, 9S, EV 84.4 MPH)
|
|
Batting: SHB Danny Hernandez
|
0-0: Ball 1-0: Ball 2-0: Ball 3-0: Base on Balls
|
|
Batting: LHB Mel Hall
|
0-0: Ball 1-0: Ball 2-0: Fielders Choice at 2nd, 1-6 (Groundball, 34S, EV 76.3 MPH)
|
|
Batting: RHB Randy Johnson
|
0-0: Ball Mel Hall steals 2nd base 1-0: Ball Wild Pitch! Mel Hall to third 2-0: Called Strike 2-1: Fly out, F4 (Flyball, 34D, EV 92.5 MPH)
|
| Bottom of the 7th over - 0 runs, 0 hits, 0 errors, 1 left on base; Elmira 3 - Manchester 1 |
| TOP OF THE 8TH |
|
Elmira Pioneers batting - Pitching for Manchester Fisher Cats : LHP John Machin
|
|
Batting: RHB Richard Givens
|
0-0: Swinging Strike 0-1: Ball 1-1: Foul Ball, location: 2F 1-2: Ball 2-2: Foul Ball, location: 2F 2-2: SINGLE (Line Drive, 9LS, EV 101.3 MPH)
|
|
Pitching: RHP Stephen Marsden
|
|
|
Batting: RHB Frank LaBella
|
0-0: Called Strike 0-1: Called Strike 0-2: Ball 1-2: Strikes out looking
|
|
Batting: RHB Edwin Rodriguez
|
0-0: Called Strike 0-1: Fly out, F4 (Line Drive, 4, EV 70.6 MPH)
|
|
Batting: SHB Esteban Mendez
|
0-0: Called Strike 0-1: Ball 1-1: 2-RUN HOME RUN (Flyball, 9LD, EV 106.9 MPH), Distance : 363 ft
|
|
Batting: LHB Neil Fiala
|
0-0: Called Strike 0-1: Called Strike 0-2: Ball 1-2: Ground out 1-3 (Groundball, P, EV 70.6 MPH)
|
| Top of the 8th over - 2 runs, 2 hits, 0 errors, 0 left on base; Elmira 5 - Manchester 1 |
| BOTTOM OF THE 8TH |
|
Manchester Fisher Cats batting - Pitching for Elmira Pioneers : LHP Ricky Wright
|
|
Batting: RHB Kevin Darst
|
0-0: Called Strike 0-1: DOUBLE (Groundball, 5L, EV 108.8 MPH)
|
|
Batting: RHB Paul Croft
|
0-0: Ball 1-0: Ball 2-0: Called Strike 2-1: Swinging Strike 2-2: Foul Ball, location: 2F 2-2: Strikes out swinging
|
|
Batting: LHB Carlos Cabassa
|
0-0: Called Strike 0-1: Ball 1-1: Called Strike 1-2: SINGLE (Groundball, 4MS, EV 85.6 MPH) (infield hit) Kevin Darst to third
|
|
Pitching: RHP Alejandro Gallardo
|
|
|
Batting: RHB Joe Citari
|
0-0: Ball 1-0: Ball 2-0: Swinging Strike 2-1: SINGLE (Line Drive, 6M, EV 99.4 MPH) Kevin Darst scores Carlos Cabassa to second
|
|
Batting: LHB Steve Hammond
|
0-0: Ball 1-0: Ball 2-0: SINGLE (Groundball, 34D, EV 106.3 MPH) Carlos Cabassa to third Joe Citari to second Runner from 3rd tries for Home, SAFE, throw by RF to home
|
|
Pinch Runner at 2nd Mike Ciampa:
|
|
|
Batting: LHB Herbert Orensky
|
0-0: Ball 1-0: Foul Ball, location: 2F 1-1: Foul Ball, location: 2F 1-2: Ball 2-2: Ball 3-2: Base on Balls Mike Ciampa to third Steve Hammond to second
|
|
Batting: SHB Danny Hernandez
|
0-0: Ball 1-0: Ball Wild Pitch! Mike Ciampa scores Steve Hammond to third Herbert Orensky to second 2-0: Ball 3-0: Base on Balls
|
|
Pinch Hitting: SHB Stan Javier
|
0-0: GRAND SLAM HOME RUN (Flyball, 89XD, EV 101.9 MPH), Distance : 387 ft
|
|
Pitching: RHP Jeffrey Franklin
|
|
|
Batting: RHB Randy Johnson
|
0-0: Swinging Strike 0-1: SINGLE (Flyball, 5D, EV 91.9 MPH)
|
|
Batting: RHB Kevin Darst
|
0-0: Ball 1-0: Ball 2-0: Called Strike 2-1: DOUBLE (Line Drive, 89XD, EV 105.6 MPH) Randy Johnson to third Runner from 3rd tries for Home, SAFE, throw by RF to trailing runner, SAFE at third!
|
|
Batting: RHB Paul Croft
|
0-0: Called Strike 0-1: Foul Ball, location: 2F 0-2: SINGLE (Groundball, 56D, EV 105.6 MPH) (infield hit) Kevin Darst scores
|
|
Batting: LHB Carlos Cabassa
|
0-0: Ball 1-0: Ball 2-0: Called Strike 2-1: Fielders Choice at 2nd, 4-6 (Groundball, 4, EV 83.8 MPH)
|
|
Batting: LHB Mike Ciampa
|
0-0: Reached on error, E6 (Groundball, 6D, EV 85.0 MPH) Carlos Cabassa to second
|
|
Batting: LHB Steve Hammond
|
0-0: Ball 1-0: 3-RUN HOME RUN (Flyball, 9LD, EV 113.8 MPH), Distance : 351 ft
|
|
Pitching: RHP Rocky Childress
|
|
|
Batting: LHB Herbert Orensky
|
0-0: Ball 1-0: Ball 2-0: Ball 3-0: Swinging Strike 3-1: Fly out, F3 (Line Drive, 3, EV 67.5 MPH)
|
| Bottom of the 8th over - 12 runs, 9 hits, 1 error, 0 left on base; Elmira 5 - Manchester 13 |
| TOP OF THE 9TH |
|
Elmira Pioneers batting - Pitching for Manchester Fisher Cats : RHP Stephen Marsden
|
|
Now at 1B: Stan Javier
|
|
|
Now in LF: Mike Ciampa
|
|
|
Batting: SHB Michael Reeder
|
0-0: Ball 1-0: Called Strike 1-1: Swinging Strike 1-2: Foul Ball, location: 2F 1-2: Foul Ball, location: 2F 1-2: Ball 2-2: Strikes out swinging
|
|
Batting: RHB Larry Owen
|
0-0: Ball 1-0: Swinging Strike 1-1: Foul Ball, location: 2F 1-2: Ball 2-2: Foul Ball, location: 2F 2-2: Foul Ball, location: 2F 2-2: Ball 3-2: Strikes out swinging
|
|
Batting: RHB Ken Dowell
|
0-0: Called Strike 0-1: Ball 1-1: Ball 2-1: Called Strike 2-2: SINGLE (Flyball, 89S, EV 88.8 MPH)
|
|
Batting: LHB Juan Flores
|
0-0: Ball 1-0: Fly out, F9 (Flyball, 9LM, EV 91.9 MPH)
|
| Top of the 9th over - 0 runs, 1 hit, 0 errors, 1 left on base; Elmira 5 - Manchester 13 |
|